 Dungeon Crawl Stone Soup version 0.31-a0-879-g1609e0ac53 (webtiles) character file.

Game seed: 12353008160470825689

109 gruber the Digger (level 4, -6/33 HPs)
             Began as a Demigod Earth Elementalist on Oct 14, 2023.
             Succumbed to a scorpion's poison
             ... on level 3 of the Dungeon.
             The game lasted 00:01:38 (2156 turns).

gruber the Digger (Demigod Earth Elementalist)      Turns: 2156, Time: 00:01:38

Health: -6/33      AC:  2    Str:  9    XL:     4   Next: 34%
Magic:  9/10       EV: 12    Int: 21    God:
Gold:   134        SH:  0    Dex: 14    Spells: 4/8 levels left

rFire   . . .        (no weapon)
rCold   . . .        (no shield)
rNeg    . . .        a - +0 robe
rPois   .            (no helmet)
rElec   .            (no cloak)
rCorr   .            (no gloves)
SInv    .            (no boots)
Will    .....        g - amulet of magic regeneration
Stlth   ++           (no ring)
HPRegen 0.25/turn    (no ring)
MPRegen 0.52/turn

%: no passive effects
@: lethally poisoned (-6 -> -32)
A: high MP 1, forlorn, divine attributes
a: no special abilities


You were on level 3 of the Dungeon.
You visited 1 branch of the dungeon, and saw 3 of its levels.

You collected 134 gold pieces.

Inventory:

Armour
 a - a +0 robe (worn)
Jewellery
 g - an amulet of magic regeneration (around neck)
Wands
 j - a wand of charming (1)
Scrolls
 d - 3 scrolls of identify {unknown}
 e - a scroll of immolation {unknown}
 h - a scroll of enchant armour {unknown}
 i - a scroll of revelation {unknown}
 m - a scroll of fog {unknown}
Potions
 b - a potion of magic
 c - a potion of ambrosia {unknown}
 f - 2 potions of haste {unknown}
 k - a potion of curing {unknown}
 l - 2 potions of mutation {unknown}


   Skills:
 - Level 1.7 Dodging
 - Level 1.7 Stealth
 + Level 2.6 Spellcasting
 - Level 0.8 Transmutations
 * Level 4.3 Earth Magic


You had 4 spell levels left.
You knew the following spells:

 Your Spells              Type           Power      Damage    Failure   Level
a - Sandblast             Erth           42%        2d11      2%          1
b - Stone Arrow           Conj/Erth      24%        3d8       17%         3

Your spell library contained the following spells:

 Spells                   Type           Power      Damage    Failure   Level
 Passwall                 Tmut/Erth      10%        N/A       7%          2
 Petrify                  Tmut/Erth      13%        N/A       43%         4
 Brom's Barrelling Bould  Conj/Erth      12%        2d4       50%         4


Dungeon Overview and Level Annotations

Branches:
Dungeon (3/15)


Innate Abilities, Weirdness & Mutations

You have an increased reservoir of magic. (+10% MP)
You shall have no god before yourself.
Your divine heritage dramatically boosts your attributes as you level up.


Message History

The scorpion stings you. The scorpion closely misses you.
You are too injured to fight recklessly!
You are too injured to fight recklessly!
You are too injured to fight recklessly!
You are too injured to fight recklessly!
Unknown command.
Casting: Sandblast (safe; 2% risk of failure)
Confirm with . or Enter, or press ? or * to list all spells.
Aiming: Sandblast (safe; 2% risk of failure)
Press: ? - help, Shift-Dir - straight line, f/p - scorpion
Aim: a scorpion (lightly wounded, 83% to hit)
The blast of sand hits the scorpion but does no damage.
The scorpion is lightly wounded.
The scorpion stings you.
You are poisoned.
The scorpion poisons you! The scorpion stings you.
You are lethally poisoned!
The scorpion poisons you!
Casting: Sandblast (safe; 2% risk of failure)
Confirm with . or Enter, or press ? or * to list all spells.
Aiming: Sandblast (safe; 2% risk of failure)
Press: ? - help, Shift-Dir - straight line, f/p - scorpion
Aim: a scorpion (lightly wounded, 83% to hit)
The blast of sand hits the scorpion!
The scorpion is severely wounded.
* * * LOW HITPOINT WARNING * * *
You feel extremely sick. The scorpion stings you.
* * * LOW HITPOINT WARNING * * *
You are more poisoned.
The scorpion poisons you! The scorpion completely misses you.
Unknown command.
Casting: Sandblast (safe; 2% risk of failure)
Confirm with . or Enter, or press ? or * to list all spells.
Aiming: Sandblast (safe; 2% risk of failure)
Press: ? - help, Shift-Dir - straight line, f/p - scorpion
Aim: a scorpion (severely wounded, 83% to hit)
The blast of sand hits the scorpion!
You kill the scorpion!
You die...

.#'#.................
..........................
..........................
..........................
..........................
....)).................. .
.############.###..>..#<..
## #########.#####.......
### #...........@.oo......
[.# #..........####o......
#.# #..........# .......
#.# #..........# .......
#.# #..........# .......
#.# #...)......# .......
#.# #..........# .......
#.# #..........# .......
#.# ############


You could see 3 orcs.

Vanquished Creatures
  A scorpion (D:3)
  3 adders
  2 dart slugs
  3 orcs (D:3)
  9 endoplasms
  2 giant cockroaches
  6 goblins
  9 hobgoblins
  8 jackals
  5 kobolds
  A quokka (D:2)
  7 ball pythons
  4 bats
  A frilled lizard (D:1)
  6 rats
67 creatures vanquished.

Notes
Turn   | Place    | Note
-------+----------+-------------------------------------------
     0 | D:1      | gruber the Demigod Earth Elementalist began the quest for
                  | the Orb.
     0 | D:1      | Reached XP level 1. HP: 14/14 MP: 5/5
   133 | D:1      | Reached skill level 3 in Earth Magic
   288 | D:1      | Reached XP level 2. HP: 20/20 MP: 5/7
   913 | D:2      | Reached XP level 3. HP: 18/26 MP: 5/8
  1269 | D:2      | Reached skill level 4 in Earth Magic
  1652 | D:2      | Learned a level 3 spell: Stone Arrow
  1806 | D:3      | Reached XP level 4. HP: 23/33 MP: 7/10
  2156 | D:3      | Succumbed to a scorpion's poison

Illustrated notes

Levels and vault maps discovered:
D:1:      onia_arrival_handbag, layout_loops_ring
D:2:      layout_basic, minmay_misc_feat_alley
D:3:      layout_basic, minmay_close_crescents

Skill      XL: |  1  2  3 |
---------------+----------+-----
Earth Magic    | 3 4 |  4.3
Spellcasting   | 2 |  2.6
Dodging        | |  1.7
Stealth        | |  1.7
Transmutations | |  0.8

Action                     |  1- 3 |  4- 6 || total
---------------------------+-------+-------++-------
   Cast: Sandblast         |    72 |    26 ||    98
 Armour: Robe              |    14 |    22 ||    36
  Dodge: Dodged            |    15 |    22 ||    37

Table legend: (Time is in decaauts)
 A = Elapsed time spent in this place.
 B = Non-inter-level travel time spent in this place.
 C = Inter-level travel time spent in this place.
 D = Time resting spent in this place.
 E = Time spent auto-exploring this place.
 F = Levels seen in this place.
 G = Mean time per level.
                   A        B        C        D        E       F      G
               +--------+--------+--------+--------+--------+-----+--------+
         Total |   2204 |   2076 |    128 |      0 |   1777 |   3 |  734.7 |
       Dungeon |   2204 |   2076 |    128 |      0 |   1777 |   3 |  734.7 |
               +--------+--------+--------+--------+--------+-----+--------+

Top non-repeatable levels by time:
     D:1: 920 daAuts
     D:2: 860 daAuts
     D:3: 423 daAuts
